NCAA
KANSAS JAYHAWKS @ TEXAS CHRISTIAN HORNED FROGS
05/18/2025
 
TOP OF THE 1ST
Kansas Jayhawks batting - Pitching for Texas Christian Horned Frogs : RHP Hsin-pei Hong
Pitching: RHP Hsin-pei Hong
Batting: RHB Henry Morris 0-0: Ball
1-0: Called Strike
1-1: Called Strike
1-2: Ball
2-2: Ground out 6-3 (Groundball, 6M)
Batting: RHB John Stevens 0-0: Ball
1-0: Ball
2-0: Swinging Strike
2-1: Foul Ball, location: 2F
2-2: Foul Ball, location: 2F
2-2: Foul Ball, location: 2F
2-2: Ball
3-2: Base on Balls
Batting: SHB Rudy Ryan 0-0: Ball
1-0: Called Strike
1-1: Called Strike
1-2: Strikes out swinging
Batting: RHB Bill Wallace 0-0: Swinging Strike
0-1: SINGLE (Groundball, 34D)
John Stevens to second
Runner from 2nd tries for 3rd, SAFE, throw made to third
Batting: LHB Victor Stuart 0-0: Ball
1-0: Ball
2-0: Called Strike
2-1: Fly out, F7 (Flyball, 78M)
Top of the 1st over - 0 run(s), 1 hit(s), 0 error(s), 2 left on base; Kansas 0 - Texas Christian 0
BOTTOM OF THE 1ST
Texas Christian Horned Frogs batting - Pitching for Kansas Jayhawks : RHP Glen Miller
Pitching: RHP Glen Miller
Batting: LHB José Garza 0-0: Foul Ball, location: 2F
0-1: Ball
1-1: Ground out 4-3 (Groundball, 34)
Batting: RHB Bernard Samuels 0-0: Ball
1-0: Ball
2-0: Ball
3-0: Called Strike
3-1: Ground out 6-3 (Groundball, 6)
Batting: LHB Miguel Martínez 0-0: Fly out, F7 (Flyball, 7M)
Bottom of the 1st over - 0 run(s), 0 hit(s), 0 error(s), 0 left on base; Kansas 0 - Texas Christian 0
TOP OF THE 2ND
Kansas Jayhawks batting - Pitching for Texas Christian Horned Frogs : RHP Hsin-pei Hong
Batting: LHB Glen Miller 0-0: Fly out, F7 (Flyball, 7S)
Batting: RHB Kyle Baylor 0-0: Reached on error, E3 (Groundball, 3)
Batting: RHB Nicholas Harris 0-0: Ball
1-0: Ball
2-0: Foul Ball, location: 2F
2-1: Ball
3-1: Base on Balls
Kyle Baylor to second
Batting: RHB Ricardo Ruíz 0-0: Ball
1-0: Ball
2-0: Foul Ball, location: 2F
2-1: Ball
3-1: Swinging Strike
3-2: Base on Balls
Kyle Baylor to third
Nicholas Harris to second
Batting: RHB Henry Morris 0-0: Ball
1-0: Ball
2-0: Swinging Strike
2-1: SINGLE (Line Drive, 78S)
Kyle Baylor scores
Nicholas Harris to third
Ricardo Ruíz to second
Runner from 3rd tries for Home, SAFE, no throw or cutoff
Batting: RHB John Stevens 0-0: Ball
1-0: Foul Ball, location: 2F
1-1: Fly out, F9 (Line Drive, 9M)
Batting: SHB Rudy Ryan 0-0: Ball
1-0: Ball
2-0: Foul Ball, location: 2F
2-1: Foul Ball, location: 2F
2-2: Ground out 3-1 (Groundball, 3)
Top of the 2nd over - 2 run(s), 1 hit(s), 1 error(s), 2 left on base; Kansas 2 - Texas Christian 0
BOTTOM OF THE 2ND
Texas Christian Horned Frogs batting - Pitching for Kansas Jayhawks : RHP Glen Miller
Batting: RHB José Reyes 0-0: Called Strike
0-1: Ground out 6-3 (Groundball, 6)
Batting: LHB Ryan Flynn 0-0: Ball
1-0: SOLO HOME RUN (Flyball, 89XD), Distance : 422 ft
Batting: RHB Francisco Fernández 0-0: Ball
1-0: Foul Ball, location: 2F
1-1: SINGLE (Groundball, 56D)
Batting: RHB Bob McDonald 0-0: Ball
Wild Pitch!
Francisco Fernández to second
1-0: Hit by Pitch
Batting: SHB Matt Pierce 0-0: SINGLE (Flyball, 8RS)
Francisco Fernández to third
Bob McDonald to second
Batting: SHB Robbie Rhodes 0-0: Called Strike
0-1: Ground out 3-1 (Groundball, 34)
Francisco Fernández scores
Bob McDonald to third
Matt Pierce to second
Batting: LHB José Garza 0-0: Foul Ball, location: 2F
0-1: 3-RUN HOME RUN (Line Drive, 9D), Distance : 368 ft
Batting: RHB Bernard Samuels 0-0: Called Strike
0-1: Ball
1-1: Ball
2-1: DOUBLE (Line Drive, 5D)
Batting: LHB Miguel Martínez 0-0: Ball
1-0: Fly out, F8 (Flyball, 89M)
Bottom of the 2nd over - 5 run(s), 5 hit(s), 0 error(s), 1 left on base; Kansas 2 - Texas Christian 5
TOP OF THE 3RD
Kansas Jayhawks batting - Pitching for Texas Christian Horned Frogs : RHP Hsin-pei Hong
Batting: RHB Bill Wallace 0-0: Ball
1-0: Swinging Strike
1-1: Ball
2-1: Fly out, F8 (Line Drive, 78M)
Batting: LHB Victor Stuart 0-0: Ball
1-0: Fly out, F7 (Flyball, 78M)
Batting: LHB Glen Miller 0-0: Fly out, F8 (Flyball, 8LS)
Top of the 3rd over - 0 run(s), 0 hit(s), 0 error(s), 0 left on base; Kansas 2 - Texas Christian 5
BOTTOM OF THE 3RD
Texas Christian Horned Frogs batting - Pitching for Kansas Jayhawks : RHP Glen Miller
Batting: RHB José Reyes 0-0: Ball
1-0: Ball
2-0: Foul Ball, location: 2F
2-1: Foul Ball, location: 2F
2-2: Ball
3-2: Base on Balls
Batting: LHB Ryan Flynn 0-0: Called Strike
0-1: Called Strike
0-2: Strikes out looking
Batting: RHB Francisco Fernández 0-0: Called Strike
0-1: Ball
1-1: Ball
2-1: Ball
3-1: Base on Balls
José Reyes to second
Batting: RHB Bob McDonald 0-0: Ball
1-0: Swinging Strike
1-1: Foul Ball, location: 2F
1-2: SINGLE (Groundball, 25) (infield hit)
José Reyes to third
Francisco Fernández to second
Batting: SHB Matt Pierce 0-0: Ball
1-0: Foul Ball, location: 2F
1-1: Ball
2-1: Ball
3-1: Base on Balls
José Reyes scores
Francisco Fernández to third
Bob McDonald to second
Batting: SHB Robbie Rhodes 0-0: Ball
1-0: Called Strike
1-1: Fly out, F3 (Popup, 3SF)
Batting: LHB José Garza 0-0: Called Strike
0-1: Called Strike
0-2: Ball
1-2: Ball
2-2: Strikes out looking
Bottom of the 3rd over - 1 run(s), 1 hit(s), 0 error(s), 3 left on base; Kansas 2 - Texas Christian 6
TOP OF THE 4TH
Kansas Jayhawks batting - Pitching for Texas Christian Horned Frogs : RHP Hsin-pei Hong
Batting: RHB Kyle Baylor 0-0: Called Strike
0-1: Bunted foul
0-2: Ball
1-2: Ball
2-2: Ball
3-2: Strikes out swinging
Batting: RHB Nicholas Harris 0-0: Fly out, F7 (Flyball, 7M)
Batting: RHB Ricardo Ruíz 0-0: Ball
1-0: Foul Ball, location: 2F
1-1: Foul Ball, location: 2F
1-2: Ball
2-2: Ball
3-2: Base on Balls
Batting: RHB Henry Morris 0-0: Foul Ball, location: 2F
0-1: SINGLE (Groundball, 4MD)
Ricardo Ruíz to second
Batting: RHB John Stevens 0-0: Ball
1-0: Ball
2-0: Called Strike
2-1: Foul Ball, location: 2F
2-2: Ball
3-2: Base on Balls
Ricardo Ruíz to third
Henry Morris to second
Batting: SHB Rudy Ryan 0-0: Hit by Pitch
Ricardo Ruíz scores
Henry Morris to third
John Stevens to second
Batting: RHB Bill Wallace 0-0: Foul Ball, location: 2F
0-1: Ball
1-1: SINGLE (Line Drive, 78S)
Henry Morris scores
John Stevens to third
Rudy Ryan to second
Runner from 3rd tries for Home, SAFE, throw made home
Pitching: LHP Damon Foster
Batting: LHB Victor Stuart 0-0: Ground out 6-3 (Groundball, 6)
Top of the 4th over - 3 run(s), 2 hit(s), 0 error(s), 2 left on base; Kansas 5 - Texas Christian 6
BOTTOM OF THE 4TH
Texas Christian Horned Frogs batting - Pitching for Kansas Jayhawks : RHP Glen Miller
Batting: RHB Bernard Samuels 0-0: Fly out, F8 (Flyball, 8LM)
Batting: LHB Miguel Martínez 0-0: Ball
1-0: Ball
2-0: Ball
3-0: Base on Balls
Batting: RHB José Reyes 0-0: Ball
Miguel Martínez is caught stealing 2nd base
1-0: Foul Ball, location: 2F
1-1: Ball
2-1: Foul Ball, location: 2F
2-2: Strikes out swinging
Bottom of the 4th over - 0 run(s), 0 hit(s), 0 error(s), 0 left on base; Kansas 5 - Texas Christian 6
TOP OF THE 5TH
Kansas Jayhawks batting - Pitching for Texas Christian Horned Frogs : LHP Damon Foster
Batting: LHB Glen Miller 0-0: Ball
1-0: Called Strike
1-1: Called Strike
1-2: Strikes out swinging
Batting: RHB Kyle Baylor 0-0: Foul Ball, location: 2F
0-1: Ball
1-1: Ball
2-1: Ball
3-1: Foul Ball, location: 2F
3-2: Fly out, F9 (Flyball, 9LSF)
Batting: RHB Nicholas Harris 0-0: SINGLE (Line Drive, 7LS)
Batting: RHB Ricardo Ruíz 0-0: Called Strike
0-1: Ball
1-1: Ball
2-1: Foul Ball, location: 2F
2-2: Strikes out looking
Top of the 5th over - 0 run(s), 1 hit(s), 0 error(s), 1 left on base; Kansas 5 - Texas Christian 6
BOTTOM OF THE 5TH
Texas Christian Horned Frogs batting - Pitching for Kansas Jayhawks : RHP Glen Miller
Batting: LHB Ryan Flynn 0-0: Ball
1-0: Called Strike
1-1: SINGLE (Groundball, 6MD)
Batting: RHB Francisco Fernández 0-0: Called Strike
0-1: Foul Ball, location: 2F
0-2: Ball
1-2: Foul Ball, location: 2F
1-2: Ball
2-2: Ball
3-2: Base on Balls
Ryan Flynn to second
Pitching: LHP Jake Long
Batting: RHB Bob McDonald 0-0: Called Strike
0-1: Ball
1-1: Ball
2-1: SINGLE (Groundball, 56D)
Ryan Flynn to third
Francisco Fernández to second
Runner from 3rd tries for Home, SAFE, throw made at trailing runner, SAFE at third!
Batting: SHB Matt Pierce 0-0: Foul Ball, location: 2F
0-1: Foul Ball, location: 2F
0-2: Ball
1-2: Strikes out swinging
Batting: SHB Robbie Rhodes 0-0: Ball
1-0: Called Strike
1-1: Ball
2-1: Called Strike
2-2: Strikes out swinging
Batting: LHB José Garza 0-0: Called Strike
0-1: Ball
1-1: Ball
2-1: Ball
3-1: Base on Balls
Bob McDonald to second
Batting: RHB Bernard Samuels 0-0: Ball
1-0: Ball
2-0: Called Strike
2-1: Ground out 5-3 (Groundball, 5S)
Bottom of the 5th over - 1 run(s), 2 hit(s), 0 error(s), 3 left on base; Kansas 5 - Texas Christian 7
TOP OF THE 6TH
Kansas Jayhawks batting - Pitching for Texas Christian Horned Frogs : LHP Damon Foster
Batting: RHB Henry Morris 0-0: Called Strike
0-1: Ball
1-1: Ball
2-1: Swinging Strike
2-2: Ground out 5-3 (Groundball, 56)
Batting: RHB John Stevens 0-0: Ball
1-0: Foul Ball, location: 2F
1-1: Reached on Error, E1 (Line Drive, 13S)
Batting: SHB Rudy Ryan 0-0: Foul Ball, location: 2F
0-1: Ball
Single, Error in OF, E9, batter to second base
John Stevens to third
Batting: RHB Bill Wallace 0-0: Called Strike
0-1: SINGLE (Groundball, 4M)
John Stevens scores
Rudy Ryan to third
Runner from 3rd tries for Home, throw and OUT!
Batting: LHB Victor Stuart 0-0: Called Strike
0-1: Foul Ball, location: 2F
0-2: Strikes out looking
Top of the 6th over - 1 run(s), 2 hit(s), 2 error(s), 1 left on base; Kansas 6 - Texas Christian 7
BOTTOM OF THE 6TH
Texas Christian Horned Frogs batting - Pitching for Kansas Jayhawks : LHP Jake Long
Batting: LHB Miguel Martínez 0-0: Ball
1-0: Called Strike
1-1: Ball
2-1: Called Strike
2-2: Strikes out swinging
Batting: RHB José Reyes 0-0: Ground out 5-3 (Groundball, 56S)
Batting: LHB Ryan Flynn 0-0: Called Strike
0-1: Ball
1-1: Ball
2-1: Hit by Pitch
Batting: RHB Francisco Fernández 0-0: Called Strike
0-1: Ball
Ryan Flynn steals 2nd base
1-1: Ball
2-1: Fly out, F8 (Flyball, 8RM)
Bottom of the 6th over - 0 run(s), 0 hit(s), 0 error(s), 1 left on base; Kansas 6 - Texas Christian 7
TOP OF THE 7TH
Kansas Jayhawks batting - Pitching for Texas Christian Horned Frogs : LHP Damon Foster
Batting: LHB Glen Miller 0-0: Reached on Error, E6 (Popup, 56D)
Pitching: LHP William Romero
Batting: RHB Kyle Baylor 0-0: Sac Bunt - play at first, batter OUT! 3-4
Glen Miller to second
Batting: RHB Nicholas Harris 0-0: Ball
1-0: Fly out, F6 (Popup, 6MD)
Batting: RHB Ricardo Ruíz 0-0: Called Strike
0-1: Ball
1-1: Ball
2-1: Swinging Strike
2-2: Foul Ball, location: 2F
2-2: Ground out 5-3 (Groundball, 5S)
Top of the 7th over - 0 run(s), 0 hit(s), 1 error(s), 1 left on base; Kansas 6 - Texas Christian 7
BOTTOM OF THE 7TH
Texas Christian Horned Frogs batting - Pitching for Kansas Jayhawks : LHP Jake Long
Pitching: LHP Tom Duke
Batting: RHB Bob McDonald 0-0: Ball
1-0: Fly out, F9 (Popup, 9LS)
Batting: SHB Matt Pierce 0-0: Ball
1-0: Called Strike
1-1: Foul Ball, location: 2F
1-2: Ball
2-2: Foul Ball, location: 2F
2-2: Strikes out swinging
Batting: SHB Robbie Rhodes 0-0: Ball
1-0: Ball
2-0: Ball
3-0: Base on Balls
Batting: LHB José Garza 0-0: Swinging Strike
0-1: Ball
1-1: Ball
2-1: Called Strike
2-2: Ball
3-2: Ground out 5-3 (Groundball, 56S)
Bottom of the 7th over - 0 run(s), 0 hit(s), 0 error(s), 1 left on base; Kansas 6 - Texas Christian 7
TOP OF THE 8TH
Kansas Jayhawks batting - Pitching for Texas Christian Horned Frogs : LHP William Romero
Pitching: RHP Roberto Marino
Batting: RHB Henry Morris 0-0: Ball
1-0: Called Strike
1-1: Ball
2-1: Swinging Strike
2-2: SINGLE (Line Drive, 9M)
Batting: RHB John Stevens 0-0: SINGLE (Flyball, 8RS)
Henry Morris to second
Runner from 2nd tries for 3rd, SAFE, no throw or cutoff
Pitching: LHP Don MacKinlay
Pinch Runner at 3rd Larry Bischoff:
Batting: SHB Rudy Ryan 0-0: Fly out, F7 (Line Drive, 78M)
Runner from 3rd tags up, OUT at HOME
John Stevens to second
Pitching: RHP Barry Mitchell
Batting: RHB Bill Wallace 0-0: Ball
1-0: Swinging Strike
1-1: Ball
2-1: Ball
3-1: Called Strike
3-2: Foul Ball, location: 2F
3-2: Strikes out swinging
Top of the 8th over - 0 run(s), 2 hit(s), 0 error(s), 1 left on base; Kansas 6 - Texas Christian 7
BOTTOM OF THE 8TH
Texas Christian Horned Frogs batting - Pitching for Kansas Jayhawks : LHP Tom Duke
Now at SS: Larry Bischoff
Batting: RHB Bernard Samuels 0-0: Called Strike
0-1: Foul Ball, location: 2F
0-2: Ground out 4-3 (Groundball, 4)
Batting: LHB Miguel Martínez 0-0: Ball
1-0: Ball
2-0: Ground out U3 (Groundball, 3L)
Batting: RHB José Reyes 0-0: Called Strike
0-1: Ball
1-1: Ball
2-1: Ground out 6-3 (Groundball, 6M)
Bottom of the 8th over - 0 run(s), 0 hit(s), 0 error(s), 0 left on base; Kansas 6 - Texas Christian 7
TOP OF THE 9TH
Kansas Jayhawks batting - Pitching for Texas Christian Horned Frogs : RHP Barry Mitchell
Pitching: RHP Steve Patterson
Batting: LHB Victor Stuart 0-0: Ball
1-0: Fly out, F9 (Flyball, 89S)
Batting: LHB Glen Miller 0-0: Called Strike
0-1: Ball
1-1: Ground out U3 (Groundball, 3)
Batting: RHB Kyle Baylor 0-0: Called Strike
0-1: Fly out, F4 (Popup, 4MD)
Top of the 9th over - 0 run(s), 0 hit(s), 0 error(s), 0 left on base; Kansas 6 - Texas Christian 7
This league is powered by Out of the Park Baseball, the baseball management simulation game for PC, Mac and Linux
Tuesday, August 2nd, 2016 - OOTP Baseball 16.8 Build 38